 Dungeon Crawl Stone Soup version 0.26-a0-652-gafc20e3620 (webtiles) character file.

Game seed: 10355602243286557590

192284 Gargoyl the Stickfighter (level 18, -5/144 HPs)
             Began as a Gnoll Abyssal Knight on Oct 1, 2020.
             Was a High Priest of Lugonu.
             Slain by a death knight
             ... wielding a +4 halberd of pain
              (12 damage)
             ... on level 1 of the Vaults.
             The game lasted 00:55:47 (37126 turns).

Gargoyl the Stickfighter (Gnoll Abyssal Knight)    Turns: 37126, Time: 00:55:48

Health: -5/144     AC: 31    Str: 21    XL:     18   Next: 23%
Magic:  30/30      EV: 18    Int: 15    God:    Lugonu [*****.]
Gold:   2571       SH: 13    Dex: 24    Spells: 41/41 levels left

rFire    + . .     SeeInvis .   r - +9 scimitar "Dioppiup" {drain, Dex+3}
rCold    + . .     Faith    .   Q - +0 buckler "Yfeec" {rPois Dex+4}
rNeg     . . .     Spirit   .   A - +12 chain mail of the Garden {Dex+3}
rPois    +         Reflect  +   E - +2 helmet
rElec    .         Harm     +   s - scarf {harm}
rCorr    .         Rampage  .   (no gloves)
MR       +....     Clarity  +   L - +2 pair of boots
Stlth    +++.......             H - amulet of reflection
HPRegen  0.34/turn              U - ring of protection from fire
MPRegen  0.22/turn              W - ring of protection from cold

@: studying Staves
A: distributed training, fangs 1, clarity, clumsy 1, low mp 1, strong nose
}: 1/15 runes: gossamer
a: Depart the Abyss, Bend Space, Banish, Corrupt, Enter the Abyss, Renounce
Religion


You were on level 1 of the Vaults.
You worshipped Lugonu.
Lugonu was extremely pleased with you.
You visited 5 branches of the dungeon, and saw 28 of its levels.
You visited the Abyss 3 times.

You collected 3482 gold pieces.
You spent 911 gold pieces at shops.

Inventory:

Hand Weapons
 r - the +9 scimitar "Dioppiup" (weapon) {drain, Dex+3}
   (You found it on level 5 of the Dungeon)

   A truly terrible weapon, it drains the life of those it strikes.
   It affects your dexterity (+3).
 v - a +6 war axe of venom
 Y - a +2 long sword of flaming
Missiles
 g - 94 poisoned darts (quivered)
Armour
 s - a scarf of harm (worn)
 t - a +5 kite shield
 A - the +12 chain mail of the Garden (worn) {Dex+3}
   (You found it on level 7 of the Dungeon)

   It affects your dexterity (+3).
 E - a +2 helmet (worn)
 L - a +2 pair of boots (worn)
 Q - the +0 buckler "Yfeec" (worn) {rPois Dex+4}
   (You found it on level 4 of the Lair of Beasts)

   It affects your dexterity (+4).
   It protects you from poison.
 X - a +2 kite shield of reflection
Jewellery
 l - an uncursed ring of flight
 y - an uncursed amulet of the acrobat
 H - an amulet of reflection (around neck)
 K - an uncursed ring of resist corrosion
 M - the amulet of Vitality {Regen+ HP+15}
   (You found it on level 2 of the Lair of Beasts)

   [amulet of regeneration]

   It affects your health (+15).
   It increases your rate of regeneration.
 P - a +6 ring of dexterity
 R - an uncursed ring of positive energy
 U - a ring of protection from fire (left hand)
 V - a +6 ring of strength
 W - a ring of protection from cold (right hand)
Wands
 d - a wand of acid (20)
 p - a wand of disintegration (46)
 u - a wand of enslavement (13)
 B - a wand of paralysis (22)
 C - a wand of iceblast (7)
 F - a wand of flame (28)
 J - a wand of digging (15)
 T - a wand of random effects (14)
Scrolls
 b - 5 scrolls of magic mapping
 e - 6 scrolls of remove curse
 m - 11 scrolls of teleportation
 o - 4 scrolls of blinking
 w - 4 scrolls of fog
 z - 6 scrolls of identify
Potions
 c - 4 potions of ambrosia
 f - 5 potions of berserk rage
 h - 2 potions of mutation
 i - 3 potions of magic
 j - 5 potions of flight
 k - 5 potions of haste
 n - 9 potions of brilliance
 q - 10 potions of curing
 x - 2 potions of resistance
 D - a potion of stabbing
 G - a potion of cancellation
 N - 4 potions of heal wounds
 O - 2 potions of invisibility
 S - a potion of might
Books
 I - a manual of Staves


   Skills:
 + Level 13.4 Fighting
 + Level 12.0 Short Blades
 + Level 12.0 Long Blades
 + Level 12.7 Axes
 + Level 12.0 Maces & Flails
 + Level 12.0 Polearms
 + Level 15.0 Staves
 + Level 12.0 Slings
 + Level 12.0 Bows
 + Level 12.0 Crossbows
 + Level 12.0 Throwing
 + Level 12.7 Armour
 + Level 12.3 Dodging
 + Level 12.0 Stealth
 + Level 12.0 Shields
 + Level 12.0 Unarmed Combat
 + Level 12.0 Spellcasting
 + Level 10.3 Conjurations
 + Level 10.3 Hexes
 + Level 10.3 Summonings
 + Level 10.3 Necromancy
 + Level 10.3 Translocations
 + Level 10.3 Transmutations
 + Level 10.3 Fire Magic
 + Level 10.3 Ice Magic
 + Level 10.3 Air Magic
 + Level 10.3 Earth Magic
 + Level 10.3 Poison Magic
 + Level 13.6 Invocations
 + Level 12.0 Evocations


You had 41 spell levels left.
You didn't know any spells.
Your spell library contained the following spells:

 Spells                   Type           Power        Failure   Level
 Animate Skeleton         Necr           #####.       1%          1
 Apportation              Tloc           #####.       1%          1
 Beastly Appendage        Tmut           #####.       1%          1
 Corona                   Hex            #####..      1%          1
 Foxfire                  Conj/Fire      ####         1%          1
 Freeze                   Ice            ####         1%          1
 Magic Dart               Conj           ####         1%          1
 Pain                     Necr           ####         1%          1
 Shock                    Conj/Air       ####         1%          1
 Summon Small Mammal      Summ           ####         1%          1
 Blink                    Tloc           N/A          1%          2
 Call Imp                 Summ           #####...     1%          2
 Corpse Rot               Necr/Air       N/A          1%          2
 Poisonous Vapours        Pois/Air       #####.       1%          2
 Searing Ray              Conj           #####.       1%          2
 Slow                     Hex            #####...     1%          2
 Swiftness                Air            #####...     1%          2
 Wereblood                Tmut           #####...     1%          2
 Confusing Touch          Hex            #####...     1%          3
 Conjure Flame            Conj/Fire      #####...     1%          3
 Frozen Ramparts          Ice            #####.       1%          3
 Gell's Gravitas          Tloc           #####.....   1%          3
 Inner Flame              Hex/Fire       #####...     1%          3
 Lesser Beckoning         Tloc           #####.....   1%          3
 Mephitic Cloud           Conj/Pois/Air  #####...     1%          3
 Ozocubu's Armour         Ice            #####...     1%          3
 Portal Projectile        Hex/Tloc       #####.       1%          3
 Spider Form              Tmut/Pois      #####.....   1%          3
 Static Discharge         Conj/Air       #####...     1%          3
 Tukima's Dance           Hex            #####...     1%          3
 Vampiric Draining        Necr           #####.....   1%          3
 Airstrike                Air            #####.....   6%          4
 Animate Dead             Necr           #####.....   6%          4
 Hailstorm                Conj/Ice       #####...     6%          4
 Ice Form                 Ice/Tmut       #####...     6%          4
 Iskenderun's Mystic Bla  Conj/Tloc      #####...     6%          4
 Petrify                  Tmut/Erth      #####...     6%          4
 Sticky Flame             Conj/Fire      #####...     6%          4
 Summon Ice Beast         Ice/Summ       #####...     6%          4
 Agony                    Necr           #####...     19%         5
 Alistair's Intoxication  Tmut/Pois      #####....    19%         5
 Blade Hands              Tmut           #####.....   19%         5
 Fireball                 Conj/Fire      #####.....   19%         5
 Lightning Bolt           Conj/Air       #####.....   19%         5
 Metabolic Englaciation   Hex/Ice        #####.....   19%         5
 Summon Forest            Summ/Tloc      #####.....   19%         5
 Yara's Violent Unravell  Hex/Tmut       #####.....   19%         5
 Freezing Cloud           Conj/Ice/Air   #####.....   69%         6
 Invisibility             Hex            #####...     69%         6
 Ozocubu's Refrigeration  Ice            #####.....   69%         6
 Simulacrum               Ice/Necr       #####.....   69%         6
 Starburst                Conj/Fire      #####.....   69%         6


Dungeon Overview and Level Annotations

Branches:
Dungeon (15/15)            Temple (0/1) D:4            Lair (6/6) D:10
  Swamp (0/4) Lair:3       Spider (4/4) Lair:4        Slime (0/5) Lair:5
    Orc (2/2) D:10            Elf (0/3) Orc:2        Vaults (1/5) D:14
 Depths (0/5) D:15

Altars:
Dithmenos
Kikubaaqudgha
Makhleb
Sif Muna
Trog
Uskayaw
Wu Jian
Xom
Beogh

Shops:
D:6 :(=!   Orc:2 (?**(

Annotations:
Spider:4 corrupted


Innate Abilities, Weirdness & Mutations

Your experience applies equally to all skills.
You have very sharp teeth.
Your uncanny sense of smell can sniff out nearby items.
You possess an exceptional clarity of mind.
You are clumsy. (Dex -2)
Your magical capacity is low. (-10% MP)


Message History

The freezing wraith completely misses you.
The death knight hits you from afar with a +4 halberd of pain!!
* * * LOW HITPOINT WARNING * * *
You writhe in agony.
* * * LOW HITPOINT WARNING * * *
You hit the freezing wraith.
The freezing wraith is almost destroyed.
You block the freezing wraith's attack.
The freezing wraith hits you but does no damage.
You slash the freezing wraith!
You destroy the freezing wraith!
Lugonu accepts your kill.
The death knight hits you from afar with a +4 halberd of pain.
* * * LOW HITPOINT WARNING * * *
You slice the skeletal warrior!!
The skeletal warrior is heavily damaged.
The death knight hits you from afar with a +4 halberd of pain.
* * * LOW HITPOINT WARNING * * *
You writhe in agony!
You die...

####+## ......#
.....# ....#
#####...########
.p.#...#......#
###z#...#...∩..#
#..@....#...[..#
#####...#...)).#
........'....[.#
#.......#......#
∆#.......########
#.###...# #z
#...# # #...# ∆
#...#


You could see a death knight and a skeletal warrior.

Vanquished Creatures
  Jorgrun (D:13)
  A tentacled starspawn (Abyss:1)
  A sphinx (D:12)
  An azure jelly (shapeshifter) (D:14)
  Donald (Spider:3)
  2 ghost moths
  A frost giant (D:12)
  Louise (Spider:4)
  5 emperor scorpions
  5 entropy weavers
  2 dire elephants
  2 spark wasps
  Snorg (D:12)
  Josephine (D:12)
  A yaktaur captain (D:13)
  4 vault guards (D:14)
  A great orb of eyes (D:14)
  5 hydras
  A catoblepas (Lair:6)
  5 centaur warriors
  An ogre mage (Vaults:1)
  A death knight (D:14)
  10 two-headed ogres
  6 death yaks (Lair:6)
  A deep troll shaman (Lair:6)
  3 orc high priests (Orc:2)
  Sonja (D:11)
  3 skeletal warriors
  5 unseen horrors
  A glowing orange brain (Abyss:2)
  A glowing orange brain (shapeshifter) (D:15)
  A lindwurm (Lair:6)
  A flayed ghost (Vaults:1)
  7 orc knights
  17 orb spiders
  34 wolf spiders
  A manticore (D:15)
  9 ugly things
  4 deep elf magi
  8 cyclopes
  A salamander (D:15)
  5 orc sorcerers
  16 elephants (Lair:6)
  3 centaur zombies
  3 black mambas
  A guardian serpent (D:11)
  4 torpor snails
  Maurice (D:12)
  11 cane toads
  2 gargoyles
  4 rime drakes
  A yaktaur (D:12)
  3 komodo dragons
  An efreet (D:14)
  5 freezing wraiths
  9 demonic crawlers
  8 trolls
  52 jumping spiders
  3 polar bears
  3 hornets
  A wolf spider simulacrum (D:14)
  A polar bear (shapeshifter) (D:15)
  15 hippogriffs
  4 blink frogs (Lair:5)
  11 slime creatures
  A blink frog (shapeshifter) (D:13)
  72 redbacks
  5 wraiths
  21 yaks
  A water elemental (D:12)
  6 wyverns
  5 vampires
  49 tarantellas
  A hog (shapeshifter) (D:15)
  4 basilisks
  4 vampire mosquitoes
  3 wargs (Orc:2)
  3 swamp worms (Lair:3)
  A steam dragon (D:10)
  A soldier ant (D:12)
  An acid dragon (D:15)
  12 water moccasins
  4 black bears
  5 porcupines
  6 ice beasts
  22 orc warriors
  2 sky beasts
  A black bear (shapeshifter) (D:12)
  3 necrophages
  A phantom (D:6)
  An eye of draining (D:14)
  34 wolves
  15 ogres
  10 crocodiles
  5 centaurs
  A big kobold (D:14)
  A gnoll sergeant (D:8)
  15 bullfrogs
  A water moccasin zombie (D:11)
  A wyvern skeleton (D:14)
  A scorpion (D:13)
  24 killer bees
  15 wights
  3 howler monkeys
  5 jellies
  8 electric eels
  A crimson imp (D:6)
  A bullfrog zombie (D:12)
  17 orc priests
  9 hounds
  21 orc wizards
  7 centaur skeletons
  5 bullfrog skeletons
  5 iguanas
  11 hell rats
  16 worker ants
  A small abomination (Abyss:1)
  A killer bee zombie (D:7)
  2 hound zombies
  A hound skeleton (D:9)
  2 howler monkey zombies
  10 adders
  11 gnolls
  A shadow imp (Abyss:1)
  2 white imps
  An ufetubus (D:10)
  2 oozes (Lair:5)
  3 worms
  2 dart slugs
  6 leopard geckos
  54 orcs
  9 giant cockroaches
  3 goblins (D:2)
  10 hobgoblins
  5 jackals
  5 quokkas
  3 bats
  4 frilled lizards
  2 jackal skeletons
  8 kobolds
  A leopard gecko skeleton (D:4)
  2 rats
943 creatures vanquished.

Vanquished Creatures (others)
  A ghost moth (Spider:4)
  An emperor scorpion (Spider:4)
  A moth of wrath (Spider:4)
  6 hornets (Spider:4)
  2 jumping spiders (Spider:1)
  A blink frog (Lair:5)
  A redback (Spider:4)
  An orc warrior (D:14)
  8 bushes (D:15)
  28 fungi
  32 plants
  8 starspawn tentacles
90 creatures vanquished.

Grand Total: 1033 creatures vanquished

Notes
Turn   | Place    | Note
-------+----------+-------------------------------------------
     0 | Abyss:1  | Gargoyl the Gnoll Abyssal Knight began the quest for the
                  | Orb.
     0 | Abyss:1  | Reached XP level 1. HP: 23/23 MP: 3/3
    16 | Abyss:2  | Noticed a glowing orange brain
    37 | Abyss:2  | Killed a glowing orange brain
    37 | Abyss:2  | Reached skill level 5 in Axes
    37 | Abyss:2  | Reached skill level 2 in Staves
    37 | Abyss:2  | Reached skill level 5 in Armour
    37 | Abyss:2  | Reached skill level 1 in Conjurations
    37 | Abyss:2  | Reached skill level 1 in Hexes
    37 | Abyss:2  | Reached skill level 1 in Summonings
    37 | Abyss:2  | Reached skill level 1 in Necromancy
    37 | Abyss:2  | Reached skill level 1 in Translocations
    37 | Abyss:2  | Reached skill level 1 in Transmutations
    37 | Abyss:2  | Reached skill level 1 in Fire Magic
    37 | Abyss:2  | Reached skill level 1 in Ice Magic
    37 | Abyss:2  | Reached skill level 1 in Air Magic
    37 | Abyss:2  | Reached skill level 1 in Earth Magic
    37 | Abyss:2  | Reached skill level 1 in Poison Magic
    37 | Abyss:2  | Reached skill level 5 in Invocations
    37 | Abyss:2  | Reached XP level 2. HP: 29/29 MP: 3/5
    37 | Abyss:2  | Reached XP level 3. HP: 35/35 MP: 3/6
    37 | Abyss:2  | Reached XP level 4. HP: 41/41 MP: 3/7
    37 | Abyss:2  | Reached XP level 5. HP: 47/47 MP: 3/8
    37 | Abyss:2  | Reached XP level 6. HP: 53/53 MP: 3/9
    37 | Abyss:2  | Reached XP level 7. HP: 59/59 MP: 3/10
    52 | Abyss:2  | Noticed a spatial vortex
   142 | Abyss:2  | Noticed a tentacled starspawn
   149 | Abyss:2  | Noticed a raiju
   150 | Abyss:2  | Noticed a tentacled starspawn
   151 | D:1      | Escaped the Abyss
   319 | D:1      | Reached * piety under Lugonu
  2290 | D:4      | Reached ** piety under Lugonu
  2565 | D:4      | Reached XP level 8. HP: 62/67 MP: 12/12
  2696 | D:4      | Found a shimmering blue altar of Sif Muna.
  2963 | D:4      | Found a staircase to the Ecumenical Temple.
  3013 | D:5      | Entered Level 5 of the Dungeon
  3039 | D:5      | Reached skill level 3 in Staves
  3251 | D:5      | Got an ichor-stained scimitar
  3252 | D:5      | Identified the +9 scimitar "Dioppiup" {drain, Dex+3} (You
                  | found it on level 5 of the Dungeon)
  3645 | D:6      | Gained mutation: You are frail. (-10% HP) [potion of
                  | mutation]
  3645 | D:6      | Gained mutation: You are partially covered in large bone
                  | plates. (SH +4) [potion of mutation]
  3645 | D:6      | Gained mutation: You have sharp fingernails. [potion of
                  | mutation]
  4053 | D:6      | Found Xohak's Book Shoppe.
  4161 | D:6      | Found Riagh's Antique Weapon Shoppe.
  4170 | D:6      | Bought a runed war axe for 188 gold pieces
  4300 | D:6      | Reached XP level 9. HP: 44/64 MP: 14/14
  4529 | D:6      | Reached skill level 4 in Staves
  4700 | D:6      | Found Kumewigh's Distillery.
  4710 | D:6      | Found Wuics's Jewellery Shoppe.
  4712 | D:6      | Bought a potion of heal wounds for 70 gold pieces
  5109 | D:6      | Found a burning altar of Makhleb.
  5109 | D:6      | Found a shimmering altar of Xom.
  5233 | D:7      | Reached skill level 5 in Dodging
  5428 | D:7      | Reached *** piety under Lugonu
  5538 | D:7      | Got a fading chain mail
  5556 | D:7      | Identified the +12 chain mail of the Garden {Dex+3} (You
                  | found it on level 7 of the Dungeon)
  5587 | D:7      | Found an ornate altar of the Wu Jian Council.
  5991 | D:7      | Banished an unseen horror
  6158 | D:7      | Reached XP level 10. HP: 72/72 MP: 17/17
  6634 | D:8      | Found a hide-covered altar of Uskayaw.
  6747 | D:8      | Reached skill level 5 in Short Blades
  6747 | D:8      | Reached skill level 5 in Long Blades
  6747 | D:8      | Reached skill level 5 in Maces & Flails
  6747 | D:8      | Reached skill level 5 in Polearms
  6747 | D:8      | Reached skill level 5 in Staves
  6747 | D:8      | Reached skill level 5 in Slings
  6747 | D:8      | Reached skill level 5 in Bows
  6747 | D:8      | Reached skill level 5 in Crossbows
  6747 | D:8      | Reached skill level 5 in Throwing
  6747 | D:8      | Reached skill level 5 in Stealth
  6747 | D:8      | Reached skill level 5 in Shields
  6747 | D:8      | Reached skill level 5 in Unarmed Combat
  6747 | D:8      | Reached skill level 5 in Spellcasting
  6747 | D:8      | Reached skill level 5 in Evocations
  7442 | D:9      | Found an ancient bone altar of Kikubaaqudgha.
  7453 | D:9      | Found a shadowy altar of Dithmenos.
  7504 | D:9      | Found a bloodstained altar of Trog.
  7768 | D:9      | Found a shadowy altar of Dithmenos.
  7807 | D:10     | Entered Level 10 of the Dungeon
  7840 | D:10     | Reached **** piety under Lugonu
  8504 | D:10     | Found a staircase to the Lair.
  8584 | D:10     | Noticed a two-headed ogre
  8593 | D:10     | Killed a two-headed ogre
  8593 | D:10     | Reached XP level 11. HP: 64/78 MP: 19/19
  8671 | D:10     | Reached skill level 6 in Staves
  8687 | D:10     | Found a staircase to the Orcish Mines.
  8719 | D:10     | Reached skill level 5 in Conjurations
  8719 | D:10     | Reached skill level 5 in Hexes
  8719 | D:10     | Reached skill level 5 in Summonings
  8719 | D:10     | Reached skill level 5 in Necromancy
  8719 | D:10     | Reached skill level 5 in Translocations
  8719 | D:10     | Reached skill level 5 in Transmutations
  8719 | D:10     | Reached skill level 5 in Fire Magic
  8719 | D:10     | Reached skill level 5 in Ice Magic
  8719 | D:10     | Reached skill level 5 in Air Magic
  8719 | D:10     | Reached skill level 5 in Earth Magic
  8719 | D:10     | Reached skill level 5 in Poison Magic
  9221 | D:11     | Noticed Sonja
  9229 | D:11     | Cast into level 2 of the Abyss (Sonja)
  9229 | Abyss:2  | Found a corrupted altar of Lugonu.
  9248 | Abyss:2  | Noticed a starcursed mass
  9249 | D:11     | Escaped the Abyss
  9257 | D:11     | Banished an unseen horror
  9268 | D:11     | Killed Sonja
  9558 | D:11     | You fall into a shaft and drop 2 floors!
  9832 | D:12     | Found a bloodstained altar of Trog.
 10069 | D:12     | Noticed a deep elf mage
 10070 | D:12     | Noticed a deep elf mage
 10078 | D:12     | Killed a deep elf mage
 10089 | D:12     | Killed a deep elf mage
 10190 | D:11     | Noticed a cyclops
 10197 | D:11     | Killed a cyclops
 10394 | D:11     | Noticed a two-headed ogre
 10402 | D:11     | Killed a two-headed ogre
 10631 | D:11     | Reached XP level 12. HP: 83/86 MP: 22/22
 10685 | D:11     | Lost mutation: You are partially covered in large bone
                  | plates. (SH +4) [potion of mutation]
 10685 | D:11     | Lost mutation: You are frail. (-10% HP) [potion of
                  | mutation]
 10685 | D:11     | Lost mutation: You have sharp fingernails. [potion of
                  | mutation]
 10685 | D:11     | Gained mutation: Your magical capacity is low. (-10% MP)
                  | [potion of mutation]
 10685 | D:11     | Gained mutation: You passively map a small area around you.
                  | [potion of mutation]
 10685 | D:11     | Gained mutation: Your system is resistant to poisons.
                  | (rPois) [potion of mutation]
 10685 | D:11     | Gained mutation: You have a pair of small horns on your
                  | head. [potion of mutation]
 10686 | D:11     | Lost mutation: Your system is resistant to poisons. (rPois)
                  | [potion of mutation]
 10686 | D:11     | Lost mutation: Your magical capacity is low. (-10% MP)
                  | [potion of mutation]
 10686 | D:11     | Lost mutation: You have a pair of small horns on your head.
                  | [potion of mutation]
 10686 | D:11     | Gained mutation: You are partially covered in iridescent
                  | scales. (AC +2) [potion of mutation]
 10686 | D:11     | Gained mutation: You are partially covered in large bone
                  | plates. (SH +4) [potion of mutation]
 10686 | D:11     | Gained mutation: Your natural rate of healing is unusually
                  | fast. [potion of mutation]
 11111 | D:11     | Reached skill level 7 in Staves
 11505 | D:12     | Noticed a seven-headed hydra
 11507 | D:12     | Banished a seven-headed hydra
 11557 | D:12     | Noticed a frost giant
 11562 | D:12     | Identified the cursed +3 trident of the Sky {pain, Fragile
                  | Str+3 Dex+6}
 11562 | D:12     | Noticed a yaktaur captain
 11575 | D:12     | Noticed a sphinx
 11594 | D:12     | Found a runed translucent gate.
 11594 | D:12     | Found a runed translucent gate.
 11594 | D:12     | Found a runed translucent gate.
 11792 | D:12     | Noticed Maurice
 11809 | D:12     | Killed Maurice
 11891 | D:12     | Noticed Snorg
 11901 | D:12     | Killed Snorg
 11954 | D:12     | Noticed Josephine
 11974 | D:12     | Killed Josephine
 11983 | D:12     | Reached skill level 10 in Fighting
 11983 | D:12     | Reached skill level 8 in Staves
 12625 | D:12     | Found a runed translucent gate.
 12625 | D:12     | Found a runed translucent gate.
 12625 | D:12     | Found a runed translucent gate.
 12778 | D:13     | Killed a yaktaur captain
 12894 | D:12     | Killed a frost giant
 12894 | D:12     | Reached XP level 13. HP: 29/103 MP: 24/24
 13073 | D:12     | Noticed an ettin
 13073 | D:12     | a shining eye changed into an ettin
 13074 | D:12     | an ettin changed into a six-headed hydra
 13077 | D:12     | Noticed an ettin
 13077 | D:12     | a queen ant changed into an ettin
 13081 | D:12     | an ettin changed into a salamander
 13137 | D:12     | Killed a sphinx
 13144 | D:12     | Identified Puos's Almanac of Heat and Orientation
 13148 | D:12     | Identified Zucisoe's Foundations of Secret Knowledge
 13261 | D:12     | Reached skill level 9 in Staves
 13690 | Lair:1   | Entered Level 1 of the Lair of Beasts
 13906 | Lair:1   | Reached skill level 10 in Invocations
 14209 | Lair:1   | Reached ***** piety under Lugonu
 14509 | Lair:2   | Identified a scroll of acquirement
 14509 | Lair:2   | Acquired 551 gold pieces
 15021 | Lair:2   | Found the amulet of Vitality {Regen+ HP+15}
 15324 | Lair:3   | You fall into a shaft and drop 1 floor!
 15605 | Lair:3   | Acquired a +6 ring of dexterity
 15937 | Lair:3   | Found a staircase to the Swamp.
 16329 | Lair:4   | Got a heavily runed buckler
 16330 | Lair:4   | Identified the cursed +0 buckler "Yfeec" {rPois Dex+4} (You
                  | found it on level 4 of the Lair of Beasts)
 16583 | Lair:4   | Found a hole to the Spider Nest.
 16689 | Lair:4   | Reached skill level 10 in Staves
 17062 | Lair:5   | Found a staircase to the Slime Pits.
 17779 | Lair:5   | Reached XP level 14. HP: 111/111 MP: 26/26
 17849 | Lair:5   | Reached skill level 10 in Axes
 17849 | Lair:5   | Reached skill level 10 in Armour
 17913 | Lair:6   | Entered Level 6 of the Lair of Beasts
 18815 | D:6      | Bought an uncursed ring of protection from fire for 325
                  | gold pieces
 19163 | Lair:6   | Reached skill level 11 in Staves
 19305 | Lair:6   | Noticed a dire elephant
 19320 | Lair:6   | Killed a dire elephant
 20210 | D:13     | Reached ****** piety under Lugonu
 20248 | D:13     | Noticed Jorgrun
 20266 | D:13     | Reached skill level 10 in Dodging
 20482 | D:13     | Reached XP level 15. HP: 42/119 MP: 28/28
 20611 | D:13     | Killed Jorgrun
 21056 | D:14     | Found a runed translucent door.
 21058 | D:14     | Found a runed translucent door.
 21189 | D:14     | Reached skill level 10 in Short Blades
 21189 | D:14     | Reached skill level 10 in Long Blades
 21189 | D:14     | Reached skill level 10 in Maces & Flails
 21189 | D:14     | Reached skill level 10 in Polearms
 21189 | D:14     | Reached skill level 12 in Staves
 21189 | D:14     | Reached skill level 10 in Slings
 21189 | D:14     | Reached skill level 10 in Bows
 21189 | D:14     | Reached skill level 10 in Crossbows
 21189 | D:14     | Reached skill level 10 in Throwing
 21189 | D:14     | Reached skill level 10 in Stealth
 21189 | D:14     | Reached skill level 10 in Shields
 21189 | D:14     | Reached skill level 10 in Unarmed Combat
 21189 | D:14     | Reached skill level 10 in Spellcasting
 21189 | D:14     | Reached skill level 10 in Evocations
 21466 | D:14     | Identified the +0 robe of Autumn {Rampage rElec MR+ rCorr}
 21679 | D:14     | Found a gate to the Vaults.
 22129 | D:15     | Entered Level 15 of the Dungeon
 22622 | D:15     | Found a staircase to the Depths.
 23497 | Orc:1    | Entered Level 1 of the Orcish Mines
 23734 | Orc:2    | Entered Level 2 of the Orcish Mines
 23769 | Orc:2    | Reached XP level 16. HP: 127/127 MP: 30/30
 23831 | Orc:2    | Found a roughly hewn altar of Beogh.
 23843 | Orc:2    | Found a staircase to the Elven Halls.
 24165 | Orc:2    | Found Ycvioqal's Antique Weapon Shop.
 24780 | Orc:2    | Reached skill level 13 in Staves
 24874 | Orc:2    | Found Omysmev's General Store.
 24874 | Orc:2    | Found Tufil's Assorted Antiques.
 24876 | Orc:2    | Found Xoqas's Magic Scroll Shoppe.
 24876 | Orc:2    | Found Nuaboa's Antique Weapon Shop.
 24885 | Orc:2    | Bought a scroll of blinking for 127 gold pieces
 24885 | Orc:2    | Bought a scroll of teleportation for 51 gold pieces
 24887 | Orc:2    | Bought a scroll of teleportation for 30 gold pieces
 24887 | Orc:2    | Bought a scroll of teleportation for 30 gold pieces
 24887 | Orc:2    | Bought 3 scrolls of teleportation for 90 gold pieces
 25087 | D:10     | Lost mutation: Your natural rate of healing is unusually
                  | fast. [potion of mutation]
 25087 | D:10     | Lost mutation: You are partially covered in iridescent
                  | scales. (AC +2) [potion of mutation]
 25087 | D:10     | Lost mutation: You are partially covered in large bone
                  | plates. (SH +4) [potion of mutation]
 25087 | D:10     | Gained mutation: Your flesh is cold resistant. (rC+)
                  | [potion of mutation]
 25087 | D:10     | Gained mutation: You are somewhat resistant to further
                  | mutation. [potion of mutation]
 25088 | D:10     | Lost mutation: Your flesh is cold resistant. (rC+) [potion
                  | of mutation]
 25088 | D:10     | Lost mutation: You passively map a small area around you.
                  | [potion of mutation]
 25088 | D:10     | Gained mutation: You have sharp toenails. [potion of
                  | mutation]
 25089 | D:10     | Lost mutation: You are somewhat resistant to further
                  | mutation. [potion of mutation]
 25089 | D:10     | Lost mutation: You have sharp toenails. [potion of
                  | mutation]
 25089 | D:10     | Gained mutation: Armour fits poorly on your strangely
                  | shaped body. [potion of mutation]
 25089 | D:10     | Gained mutation: You tend to lose your temper in combat.
                  | [potion of mutation]
 25089 | D:10     | Gained mutation: You are resistant to hostile enchantments.
                  | (MR+) [potion of mutation]
 25090 | D:10     | Lost mutation: You are resistant to hostile enchantments.
                  | (MR+) [potion of mutation]
 25090 | D:10     | Lost mutation: Armour fits poorly on your strangely shaped
                  | body. [potion of mutation]
 25090 | D:10     | Lost mutation: You tend to lose your temper in combat.
                  | [potion of mutation]
 25090 | D:10     | Gained mutation: You have a pair of small horns on your
                  | head. [potion of mutation]
 25090 | D:10     | Gained mutation: You are partially covered in thin metallic
                  | scales. (AC +2) [potion of mutation]
 25090 | D:10     | Gained mutation: You have a pair of horns on your head.
                  | [potion of mutation]
 25091 | D:10     | Lost mutation: You have a pair of horns on your head.
                  | [potion of mutation]
 25091 | D:10     | Lost mutation: You are partially covered in thin metallic
                  | scales. (AC +2) [potion of mutation]
 25091 | D:10     | Lost mutation: You have a pair of small horns on your head.
                  | [potion of mutation]
 25091 | D:10     | Gained mutation: Your magical capacity is low. (-10% MP)
                  | [potion of mutation]
 25091 | D:10     | Gained mutation: You are clumsy. (Dex -2) [potion of
                  | mutation]
 25091 | D:10     | Gained mutation: You possess an exceptional clarity of
                  | mind. [potion of mutation]
 25292 | Spider:1 | Entered Level 1 of the Spider Nest
 28827 | Spider:2 | Reached XP level 17. HP: 99/135 MP: 28/28
 29010 | Spider:3 | Found the +9 heavy crossbow "Sniper" {vorpal, Acc+∞ SInv}
 29381 | Spider:3 | Reached skill level 14 in Staves
 30363 | Spider:4 | Entered Level 4 of the Spider Nest
 30403 | Spider:4 | Noticed Donald
 30477 | Spider:3 | Killed Donald
 31142 | Spider:4 | Noticed Louise
 31913 | Spider:4 | Killed Louise
 32069 | Spider:4 | Reached skill level 10 in Conjurations
 32069 | Spider:4 | Reached skill level 10 in Hexes
 32069 | Spider:4 | Reached skill level 10 in Summonings
 32069 | Spider:4 | Reached skill level 10 in Necromancy
 32069 | Spider:4 | Reached skill level 10 in Translocations
 32069 | Spider:4 | Reached skill level 10 in Transmutations
 32069 | Spider:4 | Reached skill level 10 in Fire Magic
 32069 | Spider:4 | Reached skill level 10 in Ice Magic
 32069 | Spider:4 | Reached skill level 10 in Air Magic
 32069 | Spider:4 | Reached skill level 10 in Earth Magic
 32069 | Spider:4 | Reached skill level 10 in Poison Magic
 33050 | Abyss:1  | Killed a tentacled starspawn
 33297 | Abyss:1  | Noticed an Executioner
 33374 | Spider:4 | Escaped the Abyss
 33375 | Spider:4 | Corrupted Spider:4
 34152 | Spider:4 | Reached XP level 18. HP: 59/143 MP: 30/30
 35442 | D:14     | Noticed a quicksilver dragon
 35442 | D:14     | an alligator snapping turtle changed into a quicksilver
                  | dragon
 35444 | D:14     | a quicksilver dragon changed into an azure jelly
 35750 | D:14     | Identified the Grimoire of the Snowflakes and the Blaze
 36368 | Spider:4 | Got a gossamer rune of Zot
 36784 | Vaults:1 | Entered Level 1 of the Vaults
 36812 | Vaults:1 | Reached skill level 15 in Staves
 37126 | Vaults:1 | HP: 7/144 [death knight/+4 halberd of pain (7)]
 37126 | Vaults:1 | Slain by a death knight

Illustrated notes

Levels and vault maps discovered:
D:1:      dpeg_arrival_fog, layout_rooms, minmay_misc_feat_four_crosses
D:2:      layout_basic
D:3:      layout_rooms, serial_bayou_pond_a
D:4:      layout_basic, old_standard_altar, minmay_temple_entry_antechambers
D:5:      layout_cave_pools
D:6:      minmay_bubble_buster, layout_basic,
          grunt_temple_overflow_champion_of_chaos, serial_shops,
          nicolae_shop_competitors_out_of_business, shop_fountains,
          nicolae_shop_window_shopping, shop, minmay_holes,
          hangedman_abyss_or_decor_lesser_grid
D:7:      layout_gridville, kennysheep_mini
D:8:      layout_loops_ring, eat_drink_and_be_merry_uskayaw
D:9:      layout_basic, kennysheep_mini_moat, nicolae_overflow_hidden_temple,
          hex_medium, grunt_dithmenos_smoke
D:10:     layout_layer_cave, erik_lair_dragon, david_orc_2,
          serial_park_tiny_pond, minmay_variable_closet
D:11:     layout_gridville, wad_floor_pattern_2,
          nrook_guardian_serpent_ordinary, uniq_sonja
D:12:     kennysheep_treasure_stockpile, layout_basic, basic_altar,
          uniq_maurice, uniq_josephine, uniq_snorg
D:13:     layout_irregular_city, uniq_jorgrun
D:14:     minmay_the_grid_triangle_9x9_recursive_3
          [minmay_the_grid_triangle_9x9_zippers_vertical,
          minmay_the_grid_triangle_9x9_odd_lines,
          minmay_the_grid_triangle_9x9_minimal,
          minmay_the_grid_triangle_9x9_prize_schism,
          minmay_the_grid_triangle_9x9_skeleton,
          minmay_the_grid_triangle_9x9_semitri,
          minmay_the_grid_triangle_9x9_pentomino_pain,
          minmay_the_grid_triangle_9x9_tough_junction,
          minmay_the_grid_triangle_9x9_negative_grid], layout_loops_ring,
          lightli_vaults_fourway_checkpoint, ebering_dispersal_statue_hall
D:15:     hangedman_depths_entry_try_elsewhere_first, layout_loops_corners,
          serial_park_paths [serial_park_minivault_5x5_7], kb_rosetta
Lair:1:   layout_regular_city, grunt_forest_large_clearings,
          serial_bayou_shore_a
Lair:2:   layout_roguey, zaba_anthole, fungi_pond_lemuel
Lair:3:   layout_roguey, minmay_swamp_entry_worms, serial_rivers,
          chequers_serial_rivers_marsh, chequers_serial_rivers_room_b,
          chequers_serial_rivers_large_a, chequers_serial_rivers_small_3,
          chequers_serial_rivers_micro_b, chequers_serial_rivers_micro_c,
          eino_small_chamber_without_monster
Lair:4:   layout_concentric_octagons, nicolae_spider_entry_orb_guardian,
          serial_bayou_pond_a, lemuel_fruit_fields
Lair:5:   layout_cave_pods, nicolae_slime_entry_slimehenge, patterned_corridor,
          infiniplex_staircase_pool
Lair:6:   grunt_lair_end_beastmaster, layout_hall_layers
Spider:1: layout_spider_delve
Spider:2: layout_spider_delve
Spider:3: layout_spider_delve
Spider:4: spider_rune_water, hangedman_spider_tarantella_strand, uniq_louise,
          uniq_donald
Orc:1:    layout_caves
Orc:2:    grunt_orc_tribal_feast, layout_diamond_mine, serial_shops,
          nicolae_shop_stone, basic_altar
Vaults:1: v_misc_30, nicolae_vaults_what_the_h, nicolae_vaults_network_quincunx
          [nicolae_vaults_network_quincunx_subvault,
          nicolae_vaults_network_quincunx_subvault,
          nicolae_vaults_network_quincunx_subvault,
          nicolae_vaults_network_quincunx_subvault,
          nicolae_vaults_network_quincunx_subvault], nicolae_vaults_alarming,
          hangedman_vaults_cutoff, nicolae_vaults_asterisk,
          ontoclasm_vaults_twist, vaults_mumra_lcd, vaults_room_large_hall,
          ontoclasm_vaults_loading_screen, hangedman_vaults_cutoff,
          layout_vaults_omnibox, serial_shops, shop

Skill      XL: |  1  2  3  4  5  6  7  8  9 10 11 12 13 14 15 16 17 18 |
---------------+-------------------------------------------------------+-----
Short Blades   | 2 3 4 5 6 7 8 9 10 11 12 | 12.0
Long Blades    | 2 3 4 5 6 7 8 9 10 11 12 | 12.0
Axes           | 5 6 7 8 9 10 11 12 | 12.7
Maces & Flails | 2 3 4 5 6 7 8 9 10 11 12 | 12.0
Polearms       | 2 3 4 5 6 7 8 9 10 11 12 | 12.0
Staves         | 2 3 4 5 6 8 10 11 12 13 14 15 | 15.0
Slings         | 2 3 4 5 6 7 8 9 10 11 12 | 12.0
Bows           | 2 3 4 5 6 7 8 9 10 11 12 | 12.0
Crossbows      | 2 3 4 5 6 7 8 9 10 11 12 | 12.0
Throwing       | 2 3 4 5 6 7 8 9 10 11 12 | 12.0
Armour         | 5 6 7 8 9 10 11 12 | 12.7
Dodging        | 3 4 5 6 7 8 9 10 11 12 | 12.3
Stealth        | 2 3 4 5 6 7 8 9 10 11 12 | 12.0
Shields        | 2 3 4 5 6 7 8 9 10 11 12 | 12.0
Unarmed Combat | 2 3 4 5 6 7 8 9 10 11 12 | 12.0
Spellcasting   | 2 3 4 5 6 7 8 9 10 11 12 | 12.0
Conjurations   | 1 2 3 4 5 6 7 8 9 10 | 10.3
Hexes          | 1 2 3 4 5 6 7 8 9 10 | 10.3
Summonings     | 1 2 3 4 5 6 7 8 9 10 | 10.3
Necromancy     | 1 2 3 4 5 6 7 8 9 10 | 10.3
Translocations | 1 2 3 4 5 6 7 8 9 10 | 10.3
Transmutations | 1 2 3 4 5 6 7 8 9 10 | 10.3
Fire Magic     | 1 2 3 4 5 6 7 8 9 10 | 10.3
Ice Magic      | 1 2 3 4 5 6 7 8 9 10 | 10.3
Air Magic      | 1 2 3 4 5 6 7 8 9 10 | 10.3
Earth Magic    | 1 2 3 4 5 6 7 8 9 10 | 10.3
Poison Magic   | 1 2 3 4 5 6 7 8 9 10 | 10.3
Invocations    | 5 6 7 8 9 10 11 12 13 | 13.6
Evocations     | 2 3 4 5 6 7 8 9 10 11 12 | 12.0
Fighting       | 7 8 9 10 11 12 13 | 13.4

Action                   |  1- 3 |  4- 6 |  7- 9 | 10-12 | 13-15 | 16-18 || total
-------------------------+-------+-------+-------+-------+-------+-------++-------
Melee: Hand axe          |    10 |       |   252 |       |       |       ||   262
       Bite              |     2 |       |    46 |    91 |   297 |   225 ||   661
       Punch             |       |       |     2 |       |       |       ||     2
       Scimitar          |       |       |   133 |   473 |  1090 |   292 ||  1988
       War axe           |       |       |       |     7 |       |   644 ||   651
Throw: Dart              |       |       |       |    15 |    20 |    55 ||    90
Invok: Depart the Abyss  |       |       |     1 |     1 |       |     1 ||     3
       Banish            |       |       |     1 |     3 |     2 |     3 ||     9
       Bend Space        |       |       |       |     1 |     1 |     5 ||     7
       Corrupt           |       |       |       |       |       |     1 ||     1
       Enter the Abyss   |       |       |       |       |       |     1 ||     1
  Use: Potion            |     1 |       |     2 |     6 |       |    10 ||    19
       Scroll            |       |       |    18 |    10 |    19 |     8 ||    55
 Stab: Sleeping          |       |       |     5 |     2 |     3 |     1 ||    11
       Petrified         |       |       |       |       |     2 |       ||     2
       Distracted        |       |       |       |       |     1 |     3 ||     4
Armor: Ring mail         |       |       |    41 |       |       |       ||    41
       Scale mail        |       |       |    77 |       |       |       ||    77
       Leather armour    |       |       |     8 |       |       |       ||     8
       Chain mail        |       |       |    53 |   253 |   591 |   690 ||  1587
Dodge: Dodged            |       |       |   251 |   191 |   731 |   967 ||  2140
Block: Kite shield       |       |       |   154 |   523 |   211 |       ||   888
       Buckler           |       |       |       |       |   712 |  1058 ||  1770
       Reflection        |       |       |       |       |       |     1 ||     1
       Rpst.: Scimitar   |       |       |    16 |    37 |   159 |    40 ||   252

Table legend: (Time is in decaauts)
 A = Elapsed time spent in this place.
 B = Non-inter-level travel time spent in this place.
 C = Inter-level travel time spent in this place.
 D = Time resting spent in this place.
 E = Time spent auto-exploring this place.
 F = Levels seen in this place.
 G = Mean time per level.
                   A        B        C        D        E       F      G
               +--------+--------+--------+--------+--------+-----+--------+
         Total |  37263 |  33899 |   3364 |   9755 |  16682 |  32 | 1164.5 |
       Dungeon |  19271 |  17119 |   2152 |   3234 |   9891 |  15 | 1284.7 |
          Lair |   6561 |   5751 |    810 |    600 |   3762 |   6 | 1093.5 |
   Spider Nest |   8999 |   8629 |    370 |   5081 |   2097 |   4 | 2249.8 |
  Orcish Mines |   1573 |   1543 |     30 |    259 |    837 |   2 |  786.5 |
        Vaults |    218 |    218 |      0 |    137 |      7 |   1 |  218.0 |
         Abyss |    638 |    638 |      0 |    444 |     87 |   4 |  159.5 |
               +--------+--------+--------+--------+--------+-----+--------+

Top non-repeatable levels by time:
Spider:4: 3103 daAuts
    D:12: 2936 daAuts
Spider:1: 2626 daAuts
    D:14: 2286 daAuts
Spider:3: 2228 daAuts
    D:10: 2052 daAuts
    D:11: 1631 daAuts
     D:6: 1628 daAuts
     D:7: 1330 daAuts
  Lair:4: 1313 daAuts
  Lair:6: 1291 daAuts
    D:13: 1237 daAuts
    D:15: 1209 daAuts
  Lair:1: 1077 daAuts
Spider:2: 1040 daAuts
